 Dungeon Crawl Stone Soup version 0.31-a0-214-gb37851dbb3 (webtiles) character file.

Game seed: 473003877188120596

102 qw the Chopper (level 4, -4/28 HPs)
             Began as a Gargoyle Fighter on July 1, 2023.
             Slain by a cerulean imp
             ... wielding a +0 spear
             ... summoned by Natasha
              (6 damage)
             ... on level 2 of the Dungeon.
             The game lasted 00:00:34 (1356 turns).

qw the Chopper (Gargoyle Fighter)                   Turns: 1356, Time: 00:00:34

Health: -4/28      AC:  0    Str: 22    XL:     4   Next: 78%
Magic:  4/4        EV: 17    Int:  8    God:
Gold:   109        SH:  0    Dex: 14    Spells: 3/3 levels left

rFire   . . .        Y - melded +0 war axe
rCold   . . .        c - melded +0 buckler
rNeg    + . .        b - melded +0 scale mail
rPois   inf          (helmet currently unavailable)
rElec   .            (cloak currently unavailable)
rCorr   .            (gloves currently unavailable)
SInv    .            (boots currently unavailable)
Will    .....        (no amulet)
Stlth   +            (ring currently unavailable)
HPRegen 0.24/turn    (ring currently unavailable)
MPRegen 0.09/turn

%: no passive effects
@: bat-form, flying, very quick
A: fast, flying, no casting, sickness immunity, AC +3, tiny, negative energy
resistance 1, (electricity resistance), torment resistance 1, petrification
resistance
a: no special abilities


You were on level 2 of the Dungeon.
You were a bat.
You visited 1 branch of the dungeon, and saw 2 of its levels.

You collected 109 gold pieces.


Innate Abilities, Weirdness & Mutations

You are a bat.
You are tiny and dextrous.
You move quickly.
You are flying.
Your equipment is almost entirely melded.
You are incapable of wielding weapons or throwing items.
You cannot cast spells.
You are immune to sickness and miasma.
((Your stone body is resilient. (AC +3)))
You are immune to poison.
You resist negative energy. (rN+)
((You are resistant to electric shocks. (rElec)))
You are resistant to unholy torment.
You are immune to petrification.


   Skills:
 - Level 3.2 Fighting
 - Level 4.4 Axes
 - Level 3.2 Armour
 + Level 0.0 Dodging
 - Level 3.2 Shields


You had 3 spell levels left.
You didn't know any spells.
Your spell library was empty.

Inventory:

Hand Weapons
 f - a +0 club
 Y - a +0 war axe (melded)
Missiles
 g - 2 boomerangs (quivered)
Armour
 b - a +0 scale mail (melded)
 c - a +0 buckler (melded)
 h - a +1 cloak
Scrolls
 a - a scroll of vulnerability {unknown}
Potions
 d - 2 potions of might
 e - a potion of heal wounds {unknown}

Dungeon Overview and Level Annotations

Branches:
Dungeon (2/15)

Altars:

Shops:
D:1 (

Annotations:
D:2 Natasha


Message History

You closely miss Natasha. Natasha claws you but does no damage.
The cerulean imp hits you from afar with a +0 spear.
You hit Natasha.
Natasha is lightly wounded.
Natasha stares at you and mumbles some strange words.
The magic dart hits you!
The cerulean imp hits you but does no damage.
Natasha mumbles some strange words.
You barely miss Natasha.
Natasha is lightly wounded.
The cerulean imp hits you from afar with a +0 spear.
The cerulean imp closely misses you. You block Natasha's attack.
The cerulean imp hits you but does no damage.
You hit Natasha.
Natasha is lightly wounded.
The cerulean imp hits you but does no damage.
Natasha mewls in sadness.
Natasha zaps a wand.
You turn into a bat.
Your +0 war axe melds into your body.
Your +0 buckler melds into your body.
Your +0 scale mail melds into your body.
The cerulean imp misses you.
You hit Natasha but do no damage.
Natasha is lightly wounded.
The cerulean imp barely misses you. Natasha barely misses you.
The cerulean imp hits you from afar with a +0 spear.
You hit Natasha but do no damage.
Natasha is lightly wounded.
The cerulean imp misses you. Natasha closely misses you.
The cerulean imp misses you.
You barely miss Natasha.
Natasha is lightly wounded.
The cerulean imp hits you from afar with a +0 spear.
Natasha closely misses you. The cerulean imp barely misses you.
You hit Natasha.
Natasha is moderately wounded.
The cerulean imp hits you from afar with a +0 spear.
Natasha claws you!
The cerulean imp hits you from afar with a +0 spear.
You die...

...###.##.#.##.....# #...# ...#
#.##.#.##.....#####.### ####
#.##.#.##.....#.....#
#.##.#..'...).#.#####
#.##.#..#.....#.#
#.##.....######.############
#####........##......)..........
##......##....##.###.############
#.......###.....b.##.#
#.......###.....h.#..#
......###......55.#.##
##...####.........#.#
.......##.........).#
.....#..+........#####
.....##.#............#
.....##.####.........# .....##.#
#..........#


You could see Natasha and 2 cerulean imps.

Vanquished Creatures
  Natasha (twice) (D:2)
  An adder (D:2)
  A worm (D:2)
  3 dart slugs
  A giant cockroach (D:2)
  7 goblins
  3 hobgoblins
  4 jackals (D:1)
  2 kobolds (D:2)
  2 quokkas
  2 ball pythons (D:1)
  3 bats (D:1)
  3 frilled lizards
  2 rats (D:2)
36 creatures vanquished.

Notes
Turn   | Place    | Note
-------+----------+-------------------------------------------
     0 | D:1      | qw the Gargoyle Fighter began the quest for the Orb.
     0 | D:1      | Reached XP level 1. HP: 14/14 MP: 1/1
     0 | D:1      | 0 ||| qw: Version: 0.3-a-32-g5962c71
     0 | D:1      | 0 ||| qw: Game counter: 7552
     0 | D:1      | 0 ||| qw: Melee chars always use a shield: true
     0 | D:1      | 0 ||| qw: God list: Okawaru
     0 | D:1      | 0 ||| qw: Allow faded altars: false
     0 | D:1      | 0 ||| qw: Do Orc after clearing Dungeon:15 true
     0 | D:1      | 0 ||| qw: Do second Lair branch before Depths: true
     0 | D:1      | 0 ||| qw: Lair rune preference: random
     0 | D:1      | 0 ||| qw: Goals: Normal, Zot:1-4, Slime:5, God:TSO, Crypt,
                  | Tomb, Abyss, Pan, Hells, Win
     0 | D:1      | 0 ||| PLANNING D:1-11
    77 | D:1      | Reached skill level 2 in Axes
   119 | D:1      | Reached XP level 2. HP: 19/19 MP: 2/2
   143 | D:1      | Found Daticit's Antique Weapon Boutique.
   151 | D:1      | 151 ||| SHOPLISTING whip (50 gold, have 26).
   466 | D:1      | Reached skill level 3 in Axes
   603 | D:1      | 603 ||| READING scroll labelled LEUQACZ PUUPU.
   681 | D:2      | Reached XP level 3. HP: 23/23 MP: 3/3
   706 | D:2      | 706 ||| Stepping ~*~*~tactically~*~*~ (hiding).
   902 | D:2      | 902 ||| Stepping ~*~*~tactically~*~*~ (hiding).
  1012 | D:2      | Noticed Natasha
  1025 | D:2      | Killed Natasha
  1026 | D:2      | Reached XP level 4. HP: 15/28 MP: 4/4
  1039 | D:2      | Noticed Natasha
  1048 | D:2      | Killed Natasha
  1049 | D:2      | Reached skill level 4 in Axes
  1344 | D:2      | Noticed Natasha
  1345 | D:2      | 1345 ||| Stepping ~*~*~tactically~*~*~ (stealth).
  1346 | D:2      | 1346 ||| Stepping ~*~*~tactically~*~*~ (stealth).
  1356 | D:2      | HP: 2/28 [Natasha (7)]
  1356 | D:2      | Slain by a cerulean imp

Levels and vault maps discovered:
D:1:      saegor_arrival_simple_b, layout_basic, serial_shops,
          nicolae_square_shop
D:2:      layout_basic, uniq_natasha

Skill      XL: |  1  2  3  4 |
---------------+-------------+-----
Axes           | 2 3 4 |  4.4
Fighting       | |  3.2
Armour         | |  3.2
Shields        | |  3.2

Action                     |  1- 3 |  4- 6 || total
---------------------------+-------+-------++-------
  Melee: War axe           |    54 |    18 ||    72
         Unarmed           |       |     4 ||     4
  Throw: Boomerang         |    30 |     3 ||    33
    Use: Scroll            |     1 |       ||     1
 Armour: Scale mail        |    32 |    12 ||    44
  Dodge: Dodged            |    15 |    19 ||    34
  Block: Buckler           |    12 |     3 ||    15

Table legend:
 A = Non-vault XP
 B = Vault XP
 C = Vault XP percentage of total XP
 D = Non-vault monster count
 E = Vault monster count
 F = Vault count percentage of total count
                 A         B        C        D         E       F
            +---------+---------+-------+---------+---------+-------
      Total |     115 |      32 |  21.8 |      35 |       1 |   2.8
            +---------+---------+-------+---------+---------+-------
        D:1 |      32 |       0 |   0.0 |      18 |       0 |   0.0
        D:2 |      83 |      32 |  27.8 |      17 |       1 |   5.6
            +---------+---------+-------+---------+---------+-------
